 Dungeon Crawl Stone Soup version 0.24-a0-504-gcfb02b9d07 (webtiles) character file.

Game seed: 7580426833430111084

179 Inarius the Chopper (level 5, 0/39 HPs)
             Began as a Demonspawn Skald on July 16, 2019.
             Was a Follower of Yredelemnul.
             Slain by an orc priest (1 damage)
             ... on level 4 of the Dungeon.
             The game lasted 00:05:48 (3448 turns).

Inarius the Chopper (Demonspawn Skald)              Turns: 3448, Time: 00:05:48

Health: 0/39       AC: 10    Str: 18    XL:     5   Next: 32%
Magic:  8/8        EV:  7    Int: 14    God:    Yredelemnul [*.....]
Gold:   215        SH:  3    Dex: 12    Spells: 7/8 levels left

rFire    . . .     SeeInvis .   a - +1 hand axe
rCold    . . .     Gourm    .   (no shield)
rNeg     . . .     Faith    .   m - +0 chain mail
rPois    .         Spirit   .   (no helmet)
rElec    .         Reflect  +   n - +0 cloak
rCorr    +         Harm     .   f - +0 pair of gloves
MR       .....                  (no boots)
Stlth    ..........             e - +3 amulet of reflection
HPRegen  0.13/turn              h - ring of resist corrosion
MPRegen  0.11/turn              (no ring)

@: mighty
A: powered by pain 1
a: Animate Remains, Renounce Religion


You were on level 4 of the Dungeon.
You worshipped Yredelemnul.
Yredelemnul was aware of your devotion.
You were not hungry.

You visited 1 branch of the dungeon, and saw 4 of its levels.

You collected 215 gold pieces.

Inventory:

Hand Weapons
 a - a +1 hand axe (weapon)
Missiles
 l - 4 boomerangs (quivered)
Armour
 b - a +0 leather armour
 f - a +0 pair of gloves (worn)
 m - a +0 chain mail (worn)
 n - a +0 cloak (worn)
Jewellery
 e - a +3 amulet of reflection (around neck)
 h - a ring of resist corrosion (left hand)
Wands
 s - a wand of iceblast (7)
Scrolls
 k - 2 scrolls of amnesia
 t - 2 scrolls of magic mapping {unknown}
 u - a scroll of blinking
Potions
 c - a potion of curing {unknown}
 g - a potion of lignification {unknown}
 i - a potion of agility {unknown}
 o - a potion of mutation {unknown}
 p - 2 potions of heal wounds {unknown}
 r - a potion of degeneration {unknown}
Comestibles
 d - 10 rations
 q - 3 chunks of flesh


   Skills:
 + Level 2.5 Fighting
 * Level 3.8 Axes
 + Level 1.8 Armour
 + Level 1.9 Dodging
 + Level 0.1 Stealth
 + Level 2.3 Spellcasting
 + Level 2.9 Charms
 * Level 0.7 Invocations
 * Level 0.4 Evocations


You had 7 spell levels left.
You knew the following spells:

 Your Spells              Type           Power        Failure   Level  Hunger
a - Infusion              Chrm           #...         69%         1    #......

Your spell library contained the following spells:

 Spells                   Type           Power        Failure   Level  Hunger
 Song of Slaying          Chrm           #.......     83%         2    ###....
 Shroud of Golubria       Chrm/Tloc      #.....       95%         2    ###....
 Regeneration             Chrm/Necr      #.........   99%         3    ###....
 Spectral Weapon          Hex/Chrm       #.......     99%         3    ###....


Dungeon Overview and Level Annotations

Branches:
Dungeon (4/15)
 Temple: D:4-7

Altars:
Fedhas
Hepliaklqana
Yredelemnul


Innate Abilities, Weirdness & Mutations

You sometimes gain a little power by taking damage.


Message History

* * * LOW HITPOINT WARNING * * *
You feel very mighty all of a sudden. The orc priest barely misses you.
You barely miss the orc priest.
The orc priest is heavily wounded.
The orc priest hits you but does no damage.
You closely miss the orc priest.
The orc priest is heavily wounded.
The orc priest barely misses you.
You closely miss the orc priest.
The orc priest is heavily wounded.
The orc priest casts a cantrip, but nothing happens.
You hit the orc priest but do no damage.
The orc priest is heavily wounded.
The orc priest barely misses you.
You hit the orc priest but do no damage.
The orc priest is heavily wounded.
The orc priest hits you.
You die...
Your body rises from the dead as a mindless zombie.

.. .....##### .. ....
........... ... ##...
........... ...#
.#...###...........
...##.
.(..##.......... #....
#...#.......... #....
#..#(......... #..).##
#..'.[........
#...o@###..#.....^....
#..........#..........
#...##.....#..........
###+ #...###..........
#...#.......####'
#...#.......#....
#...#.......#....
#...#.......#....
#...#.......##'##


You could see an orc priest.

Vanquished Creatures
  A hound (D:4)
  A hound skeleton (D:4)
  6 adders (D:2)
  An ooze (D:2)
  3 worms
  3 dart slugs
  4 orcs (D:3)
  7 bats
  2 giant cockroaches (D:2)
  7 goblins
  6 hobgoblins
  5 kobolds
  2 quokkas
  A ball python (D:1)
  5 frilled lizards
  10 rats
64 creatures vanquished.

Notes
Turn   | Place    | Note
-------+----------+-------------------------------------------
     0 | D:1      | Inarius the Demonspawn Skald began the quest for the Orb.
     0 | D:1      | Reached XP level 1. HP: 16/16 MP: 3/3
   120 | D:1      | Reached skill level 2 in Axes
   391 | D:1      | Gained mutation: You sometimes gain a little power by
                  | taking damage. [demonic ancestry]
   391 | D:1      | Reached XP level 2. HP: 22/22 MP: 5/5
   617 | D:1      | Reached skill level 1 in Armour
  1207 | D:2      | Reached XP level 3. HP: 17/27 MP: 6/6
  1485 | D:2      | Found a blossoming altar of Fedhas.
  1486 | D:2      | Found a basalt altar of Yredelemnul.
  1508 | D:2      | Became a worshipper of Yredelemnul the Dark
  1971 | D:2      | Reached skill level 3 in Axes
  1971 | D:2      | Reached XP level 4. HP: 24/33 MP: 7/7
  3094 | D:3      | Found a hazy altar of Hepliaklqana.
  3270 | D:4      | Reached * piety under Yredelemnul
  3428 | D:4      | Reached XP level 5. HP: 30/39 MP: 8/8
  3442 | D:4      | HP: 1/39 [orc priest/nerve-wracking pain (11)]
  3448 | D:4      | Slain by an orc priest

Levels and vault maps discovered:
D:1:      roderic_chinese_lattice_arrival, layout_loops_corners,
          minmay_misc_feat_pillars, serial_bayou_pond_d, minmay_tetromino_t2
D:2:      layout_basic, grunt_temple_overflow_open
D:3:      layout_basic, overflow_temple_1_default
D:4:      layout_gridville, minmay_temple_entry_slanted, minmay_bisected

Skill      XL: |  1  2  3 |
---------------+----------+-----
Axes           | 2 3 |  3.8
Armour         | 1 |  1.8
Fighting       | |  2.5
Dodging        | |  1.9
Stealth        | |  0.1
Spellcasting   | |  2.3
Charms         | |  2.9
Invocations    | |  0.7
Evocations     | |  0.4

Action                   |  1- 3 |  4- 6 || total
-------------------------+-------+-------++-------
Melee: Hand axe          |   145 |   129 ||   274
 Cast: Infusion          |     1 |       ||     1
  Use: Scroll            |     5 |     3 ||     8
       Potion            |       |     1 ||     1
 Stab: Sleeping          |     1 |       ||     1
  Eat: Chunk             |     3 |     5 ||     8
Armor: Leather armour    |    17 |       ||    17
       Ring mail         |    37 |    37 ||    74
       Chain mail        |       |    29 ||    29
Dodge: Dodged            |   102 |    80 ||   182
Block: Other             |    16 |    16 ||    32

Table legend:
 A = Non-vault XP
 B = Vault XP
 C = Vault XP percentage of total XP
 D = Non-vault monster count
 E = Vault monster count
 F = Vault count percentage of total count
                 A         B        C        D         E       F
            +---------+---------+-------+---------+---------+-------
      Total |     192 |      64 |  25.0 |      61 |       3 |   4.7
            +---------+---------+-------+---------+---------+-------
        D:1 |      27 |       2 |   6.9 |      16 |       1 |   5.9
        D:2 |     137 |       0 |   0.0 |      34 |       0 |   0.0
        D:3 |      23 |       0 |   0.0 |      10 |       0 |   0.0
        D:4 |       5 |      62 |  92.5 |       1 |       2 |  66.7
            +---------+---------+-------+---------+---------+-------
